 Dungeon Crawl Stone Soup version 0.23-a0-577-g2b1de944cd (webtiles) character file.

255808 GordonOverkill the Brawler (level 20, -6/119 HPs)
             Began as a Vine Stalker Fighter on Dec 14, 2018.
             Was a Believer of Uskayaw.
             Killed from afar by Ciwnetz's ghost (47 damage)
             ... with an iron shot
             ... on level 2 of the Vaults on Dec 15, 2018.
             The game lasted 01:35:28 (31214 turns).

GordonOverkill the Brawler (Vine Stalker Fighter)  Turns: 31214, Time: 01:35:29

Health: -6/119     AC: 34    Str: 30    XL:     20   Next: 22%
Magic:  0/28       EV: 12    Int:  4    God:    Uskayaw [**....]
Gold:   1041       SH: 22    Dex: 22    Spells: 17/29 levels left

rFire    . . .     SeeInvis .     - Unarmed
rCold    + + .     Gourm    .   b - +0 shield
rNeg     . . .     Faith    .   u - +12 chain mail of Mut Hoat {rC+ Str+4 Int-2 Dex+4}
rPois    +         Spirit   +   t - +2 helmet
rElec    +         Reflect  +   E - +2 cloak {MR+}
rCorr    .         Harm     .   N - +2 pair of gloves of the Mind {Str+2}
MR       +++..                  S - +2 pair of boots {Stlth+}
Stlth    +.........             M - +6 amulet of reflection
HPRegen  1.09/turn              C - +4 ring of evasion
MPRegen  0.21/turn              I - ring of Awniad {rElec rPois rC+ Int-2 Stlth+}

@: no status effects
A: fangs 3, regeneration 2, magic shield, antimagic bite, no potion heal 3, rot
immunity
}: 1/15 runes: serpentine
a: Stomp, Line Pass, Renounce Religion


You were on level 2 of the Vaults.
You worshipped Uskayaw.
Uskayaw was aware of your devotion.
You were not hungry.

You visited 7 branches of the dungeon, and saw 32 of its levels.
You also visited: Ossuary, Gauntlet and Volcano.

You collected 4396 gold pieces.
You spent 3355 gold pieces at shops.

Inventory:

Missiles
 K - 4 throwing nets (quivered)
 U - 17 javelins of penetration
Armour
 b - a +0 shield (worn)
 t - a +2 helmet (worn)
 u - the +12 chain mail of Mut Hoat (worn) {rC+ Str+4 Int-2 Dex+4}
   (You bought it in a shop on level 2 of the Orcish Mines)

   It affects your strength (+4).
   It affects your intelligence (-2).
   It affects your dexterity (+4).
   It protects you from cold.
 y - the +5 plate armour of the Gardener {rPois Dex+4 SInv}
   (You acquired it on level 14 of the Dungeon)

   It affects your dexterity (+4).
   It protects you from poison.
   It lets you see invisible.
 E - a +2 cloak of magic resistance (worn)
 N - the +2 pair of gloves of the Mind (worn) {Str+2}
   (You found it in a volcano)

   It affects your strength (+2).
 S - a +2 pair of boots of stealth (worn)
 V - the +1 cloak of Terror {Str+4 Int+3 Dex+3}
   (You acquired it on level 12 of the Dungeon)

   It affects your strength (+4).
   It affects your intelligence (+3).
   It affects your dexterity (+3).
 X - a +0 large shield
Jewellery
 k - an uncursed ring of protection from fire
 o - an uncursed ring of protection from magic
 C - a +4 ring of evasion (left hand)
 I - the ring of Awniad (right hand) {rElec rPois rC+ Int-2 Stlth+}
   (You found it in a Gauntlet)

   [ring of stealth]

   It affects your intelligence (-2).
   It protects you from cold.
   It insulates you from electricity.
   It protects you from poison.
   It makes you more stealthy.
 M - a +6 amulet of reflection (around neck)
 Z - an uncursed ring of wizardry
Wands
 l - a wand of polymorph (17)
 n - a wand of scattershot (3)
 p - a wand of disintegration (24)
 r - a wand of flame (33)
 v - a wand of acid (9)
 z - a wand of digging (8)
 B - a wand of random effects (21)
 F - a wand of clouds (6)
 G - a wand of paralysis (24)
 J - a wand of enslavement (13)
Scrolls
 f - 6 scrolls of immolation
 g - 9 scrolls of teleportation
 h - 3 scrolls of fear
 j - 13 scrolls of remove curse
 q - a scroll of holy word
 s - 3 scrolls of enchant armour
 x - 3 scrolls of enchant weapon
 O - a scroll of fog
 Q - 4 scrolls of amnesia
 W - 2 scrolls of identify
 Y - a scroll of magic mapping
Potions
 a - 5 potions of berserk rage
 c - 3 potions of might
 e - 2 potions of mutation
 i - 6 potions of lignification
 m - 4 potions of flight
 w - 5 potions of curing
 A - 3 potions of agility
 D - 5 potions of brilliance
 H - a potion of magic
 L - 5 potions of resistance
 P - a potion of haste
 R - 3 potions of cancellation
Comestibles
 d - 45 rations
 T - 3 chunks of flesh


   Skills:
 + Level 17.7 Fighting
 - Level 5.0 Armour
 - Level 15.0 Shields
 + Level 19.0 Unarmed Combat
 - Level 5.0 Spellcasting
 - Level 10.0 Charms
 - Level 9.0 Invocations
 - Level 5.0 Evocations


You had 17 spell levels left.
You knew the following spells:

 Your Spells              Type           Power        Failure   Level  Hunger
a - Song of Slaying       Chrm           #.......     4%          2    ###....
b - Blink                 Tloc           N/A          94%         2    ###....
c - Regeneration          Chrm/Necr      #.........   52%         3    ####...
d - Blade Hands           Tmut           #.........   100%        5    ######.

Your spell library contained the following spells:

 Spells                   Type           Power        Failure   Level  Hunger
 Infusion                 Chrm           #...         2%          1    ##.....
 Shroud of Golubria       Chrm/Tloc      #.........   30%         2    ###....
 Spectral Weapon          Hex/Chrm       #.......     52%         3    ####...
 Animate Skeleton         Necr           N/A          85%         1    ##.....
 Apportation              Tloc           #.....       85%         1    ##.....
 Beastly Appendage        Tmut           #.....       85%         1    ##.....
 Confusing Touch          Hex            #.....       85%         1    ##.....
 Magic Dart               Conj           #...         85%         1    ##.....
 Summon Butterflies       Summ           #.......     85%         1    ##.....
 Summon Small Mammal      Summ           #...         85%         1    ##.....
 Call Imp                 Summ           #.......     94%         2    ###....
 Slow                     Hex            #.......     94%         2    ###....
 Sticks to Snakes         Tmut           #.......     94%         2    ###....
 Call Canine Familiar     Summ           #.......     99%         3    ####...
 Confuse                  Hex            #.......     99%         3    ####...
 Conjure Flame            Conj/Fire      #.......     99%         3    ####...
 Gell's Gravitas          Tloc           #.........   99%         3    ####...
 Mephitic Cloud           Conj/Pois/Air  #.......     99%         3    ####...
 Spider Form              Tmut/Pois      #.........   99%         3    ####...
 Stone Arrow              Conj/Erth      #.....       99%         3    ####...
 Ice Form                 Ice/Tmut       #.......     100%        4    #####..
 Iskenderun's Mystic Bla  Conj           #.......     100%        4    #####..
 Leda's Liquefaction      Hex/Erth       #.........   100%        4    #####..
 Petrify                  Tmut/Erth      #.......     100%        4    #####..
 Summon Ice Beast         Ice/Summ       #.......     100%        4    #####..
 Summon Lightning Spire   Summ/Air       #.......     100%        4    #####..
 Bolt of Magma            Conj/Fire/Erth #.........   100%        5    ######.
 Metabolic Englaciation   Hex/Ice        #.........   100%        5    ######.
 Silence                  Hex/Air        #.........   100%        5    ######.
 Summon Mana Viper        Hex/Summ       #.......     100%        5    ######.
 Yara's Violent Unravell  Hex/Tmut       #.........   100%        5    ######.
 Conjure Ball Lightning   Conj/Air       #.........   100%        6    #######
 Deflect Missiles         Chrm/Air       #.........   100%        6    #######
 Iron Shot                Conj/Erth      #.........   100%        6    #######
 Poison Arrow             Conj/Pois      #.........   100%        6    #######
 Statue Form              Tmut/Erth      #........    100%        6    #######
 Haunt                    Necr/Summ      #.........   100%        7    #######
 Summon Hydra             Summ           #.........   100%        7    #######
 Borgnjor's Revivificati  Necr           #.........   100%        8    #######
 Chain Lightning          Conj/Air       #.........   100%        8    #######
 Death's Door             Chrm/Necr      #.........   100%        8    #######
 Infestation              Necr           #.........   100%        8    #######
 Lehudib's Crystal Spear  Conj/Erth      #.........   100%        8    #######
 Necromutation            Tmut/Necr      #.........   100%        8    #######
 Fire Storm               Conj/Fire      #.........   100%        9    #######
 Glaciate                 Conj/Ice       #.........   100%        9    #######
 Shatter                  Erth           #.........   100%        9    #######
 Tornado                  Air            #.........   100%        9    #######


Dungeon Overview and Level Annotations

Branches:
Dungeon (15/15)            Temple (1/1) D:7            Lair (6/6) D:11
 Shoals (0/4) Lair:2        Snake (4/4) Lair:3        Slime (0/5) Lair:6
    Orc (2/2) D:9             Elf (2/3) Orc:2        Vaults (2/5) D:13
 Depths (0/5) D:15
  Crypt: Vaults:2-3

Altars:
Ashenzari
Cheibriados
Dithmenos
Elyvilon
Fedhas
Gozag
Hepliaklqana
Kikubaaqudgha
Makhleb
Nemelex Xobeh
Qazlal
Ru
Sif Muna
Trog
Uskayaw
Vehumet
Wu Jian
Xom
Yredelemnul
Zin
The Shining One
Beogh
Jiyva

Shops:
D:5 ((?::   D:12 :   D:13 *   Orc:2 *==[   Elf:2 !%=   Snake:3 ==}   Vaults:2 (

Annotations:
D:6 1 runed door, WhatIsLove's ghost, novice DEFE
Elf:2 Donald
Vaults:2 Ciwnetz's ghost, adept GrEE; Vigato's ghost, adept MiFi


Innate Abilities, Weirdness & Mutations

You have razor-sharp teeth.
You heal very quickly.
When hurt, damage is shared between your health and your magic reserves.
Your bite disrupts and absorbs the magic of your enemies.
Potions cannot restore your health.
You are immune to rotting.


Message History

The stone arrow hits you!
There is an open door, spattered with blood here.
You are too injured to fight recklessly!
You hit the ironbrand convoker. You bite the ironbrand convoker!!
The ironbrand convoker's magic leaks into the air.
You drain its magic.
You feel invigorated.
The ironbrand convoker is heavily wounded.
You block the ironbrand convoker's attack.
You can now pass through a line of other dancers.
You pummel the ironbrand convoker!!
You kill the ironbrand convoker!
Ciwnetz's ghost casts a spell.
Ciwnetz's ghost puts on a burst of speed!
You block Ciwnetz's ghost's attack. Vigato's ghost hits you!
Items here: ! ) / ? [ † Vigato's ghost says, "Are you willing to die fighting?
I was!"
There is an open door, spattered with blood here.
Ciwnetz's ghost gestures at you while chanting.
The iron shot hits you!
You die...

'##########....#...#....# #..!...
.#....# #######[####### #######
.+....###########'# #...'.
.#....#....).)))..# #...#.
'##...'.....)..[.)# #..##.
..##'##........(..# ####..
..+...#...........# #.....
..+...#...........# #....#
..##'##.........@.# #.....
+##).)###########'#############..
.#.)))# #W##.##.##.#()##. .'....#
#W*........#)).#) .#....#
#r..⌠..⌠...'().') +#(##+######
#..........###### ...........#
#r##.##.##.######
...........######'###########....
....)......#......# #....


You could see a battlesphere, Ciwnetz's ghost, Vigato's ghost and 2 river rats.

Vanquished Creatures
  Vashnia (Snake:3)
  The ghost of Scypier the Combatant, an adept GnSk of Okawaru (Vaults:2)
  The ghost of Vutif the Impaler, an adept FoFi of Cheibriados (Snake:1)
  A sphinx (Vaults:2)
  Roxanne (Elf:1)
  10 nagarajas
  A deep elf sorcerer (Elf:1)
  Louise (Elf:1)
  7 vault wardens
  6 ironheart preservers
  The ghost of SpeedVeins the Pandemonic, a journeyman DDFi of Makhleb (Lair:6)
  An entropy weaver (Vaults:2)
  A minotaur (Gauntlet)
  A death ooze (Lair:6)
  2 deep elf death magi
  A crystal guardian (Vaults:2)
  Snorg (D:11)
  A great orb of eyes (Vaults:1)
  A fire dragon (Lair:6)
  6 ogre magi
  Erolcha (Orc:1)
  17 naga warriors
  An ice dragon (Vaults:2)
  3 vault guards
  2 yaktaur captains
  9 hydras
  3 rakshasas
  Fannar (D:10)
  5 anacondas
  A death knight (D:14)
  A ghost crab (Gauntlet)
  8 death yaks (Lair:6)
  25 two-headed ogres
  7 centaur warriors
  5 dancing weapons
  A deep troll earth mage (Vaults:2)
  17 naga sharpshooters
  7 shock serpents
  Sonja (D:9)
  A hell knight (Volcano)
  Nergalle (D:9)
  13 deep elf knights
  A titan skeleton (D:15)
  3 skeletal warriors
  3 salamander mystics
  4 unseen horrors
  2 deep trolls (Vaults:2)
  A swamp dragon (Lair:6)
  6 naga ritualists
  A flayed ghost (Vaults:2)
  4 wizards
  11 deep elf archers
  5 ironbrand convokers
  2 phantasmal warriors
  12 orc knights
  An oklob plant (Gauntlet)
  3 wolf spiders
  11 mana vipers
  A manticore (D:12)
  45 deep elf magi
  A necromancer (D:15)
  8 salamanders
  An orc sorcerer (Orc:1)
  12 ugly things
  10 elephants
  A fire giant skeleton (D:15)
  2 cyclopes
  39 black mambas
  2 merfolk sirens (Lair:2)
  18 naga magi
  A smoke demon (Volcano)
  5 vault sentinels
  Maurice (D:8)
  6 guardian serpents
  7 gargoyles
  2 torpor snails
  19 spiny frogs
  A yaktaur zombie (D:15)
  A kobold demonologist (D:15)
  16 rime drakes
  2 komodo dragons (Lair:6)
  5 centaur skeletons
  2 freezing wraiths (D:14)
  12 yaktaurs
  A yaktaur (shapeshifter) (Vaults:2)
  2 red devils (Volcano)
  A tengu conjurer (D:13)
  A polar bear (Lair:2)
  6 trolls
  2 merfolk (Lair:2)
  14 slime creatures
  3 meliai (D:15)
  Prince Ribbit (D:7)
  6 hornets
  A meliai zombie (D:11)
  A dream sheep (Lair:2)
  7 hippogriffs
  5 blink frogs
  Sigmund (D:3)
  2 centaur simulacra (Gauntlet)
  A spriggan (D:7)
  A shadow (D:14)
  3 air elementals (Elf:1)
  2 vampires
  14 wyverns
  3 wraiths
  43 yaks
  A human (shapeshifter) (Vaults:2)
  A yak (shapeshifter) (Vaults:2)
  A wyvern (shapeshifter) (D:13)
  2 redbacks (Lair:6)
  12 steam dragons
  A water elemental (Elf:2)
  6 basilisks
  A fire elemental (Elf:2)
  4 vampire mosquitoes (D:14)
  5 hungry ghosts
  46 nagas
  9 wargs (Orc:1)
  5 acid dragons
  27 water moccasins
  10 porcupines
  2 swamp drakes (Lair:6)
  A hell hound (Volcano)
  A black bear (D:13)
  2 ice beasts
  4 sky beasts
  34 orc warriors
  4 necrophages
  A phantom (D:6)
  An ice dragon simulacrum (Vaults:1)
  5 centaurs
  2 eyes of draining
  17 ogres
  3 boggarts (Vaults:2)
  28 wolves
  20 crocodiles
  4 big kobolds
  2 elf zombies
  16 bullfrogs
  A wyvern zombie (D:13)
  A spiny frog simulacrum (Gauntlet)
  5 scorpions
  A wyvern skeleton (D:6)
  A water moccasin skeleton (D:5)
  6 killer bees (D:7)
  A troll skeleton (D:7)
  An electric eel (Lair:1)
  10 wights
  3 howler monkeys
  2 centaur zombies
  4 bullfrog zombies
  6 crimson imps
  2 quasits
  2 hounds
  6 human zombies
  14 orc priests
  3 bullfrog skeletons
  5 jellies
  Terence (D:3)
  6 iguanas
  2 human skeletons
  18 orc wizards
  12 worker ants
  A big kobold zombie (Ossuary)
  2 bullfrog simulacra (Gauntlet)
  A hound zombie (D:8)
  3 mummies
  A howler monkey zombie (D:9)
  A worker ant zombie (D:9)
  11 gnolls
  16 adders
  4 shadow imps
  An ooze (D:3)
  An adder zombie (Ossuary)
  2 worms
  A dart slug (D:2)
  3 leopard geckos
  87 orcs
  8 bats
  6 giant cockroaches
  17 goblins
  7 hobgoblins
  16 jackals
  A quokka (D:8)
  2 ball pythons
  2 frilled lizards (D:1)
  A goblin zombie (Ossuary)
  10 hobgoblin zombies (Ossuary)
  A jackal skeleton (D:8)
  A jackal zombie (Ossuary)
  19 kobolds
  9 kobold zombies (Ossuary)
  9 orc zombies (Ossuary)
  5 rats
  A rat zombie (Ossuary)
  A fungus (Lair:6)
  3 plants
1232 creatures vanquished.

Vanquished Creatures (others)
  3 naga sharpshooters
  A deep elf archer (Elf:1)
  2 deep elf magi (Elf:2)
  A yaktaur (Vaults:2)
  2 slime creatures (D:15)
  2 nagas (Snake:4)
  An orc warrior (Orc:2)
  2 centaurs
  An orc (D:10)
  A kobold (D:9)
  9 fungi (Lair:6)
  40 plants
  23 withered plants
88 creatures vanquished.

Grand Total: 1320 creatures vanquished

Notes
Turn   | Place    | Note
-------+----------+-------------------------------------------
     0 | D:1      | GordonOverkill the Vine Stalker Fighter began the quest for
                  | the Orb.
     0 | D:1      | Reached XP level 1. HP: 11/11 MP: 2/2
   418 | D:1      | Reached XP level 2. HP: 15/16 MP: 3/3
  1207 | D:1      | Reached XP level 3. HP: 20/20 MP: 4/4
  2118 | D:2      | Found a sparkling altar of Nemelex Xobeh.
  2289 | D:3      | Gained mutation: Your natural rate of healing is unusually
                  | fast. [Vine Stalker growth]
  2289 | D:3      | Reached XP level 4. HP: 24/24 MP: 5/5
  2517 | D:3      | Noticed Terence
  2534 | D:3      | Killed Terence
  2534 | D:3      | Reached skill level 3 in Unarmed Combat
  2534 | D:3      | Reached XP level 5. HP: 27/28 MP: 6/6
  2588 | D:3      | Noticed Sigmund
  2594 | D:3      | Killed Sigmund
  2594 | D:3      | Reached XP level 6. HP: 24/33 MP: 4/7
  3030 | D:4      | Found a glowing golden altar of the Shining One.
  3140 | D:4      | Reached skill level 4 in Unarmed Combat
  3162 | D:4      | Reached XP level 7. HP: 36/37 MP: 6/8
  3535 | D:4      | Found a shattered altar of Ashenzari.
  3909 | D:5      | Entered Level 5 of the Dungeon
  4180 | D:5      | Found Vog Zeko's Weapon Shoppe.
  4239 | D:5      | Gained mutation: You have razor-sharp teeth. [Vine Stalker
                  | growth]
  4239 | D:5      | Reached XP level 8. HP: 33/42 MP: 9/9
  4338 | D:5      | Found Umevydgha's Book Boutique.
  4459 | D:5      | Reached skill level 5 in Fighting
  4459 | D:5      | Reached skill level 5 in Shields
  4459 | D:5      | Reached skill level 5 in Unarmed Combat
  4540 | D:5      | Found Kucuucwi's Book Shoppe.
  4560 | D:5      | Found Ecwis's Antique Weapon Boutique.
  4566 | D:5      | Found Wotrifot's Magic Scroll Shoppe.
  4571 | D:5      | Bought a scroll of enchant armour for 90 gold pieces
  4571 | D:5      | Bought a scroll of enchant armour for 90 gold pieces
  4678 | D:5      | Found an opulent altar of Gozag.
  4760 | D:6      | Found a runed door.
  4760 | D:6      | Found a shimmering altar of Xom.
  4760 | D:6      | Noticed WhatIsLove's ghost (novice DEFE)
  4761 | D:6      | Noticed a +0 mace of chaos
  4765 | D:6      | Got a distressingly furry scale mail
  4782 | D:5      | Identified the +1 scale mail "Byrelese" {rPois rC+ rCorr}
                  | (You found it on level 6 of the Dungeon)
  5086 | D:6      | Reached skill level 5 in Armour
  5448 | D:7      | Reached skill level 6 in Unarmed Combat
  5448 | D:7      | Reached XP level 9. HP: 44/48 MP: 10/10
  5669 | D:7      | Found a burning altar of Makhleb.
  5859 | D:7      | Found a sand-covered staircase.
  5867 | Ossuary  | Entered an ossuary
  5987 | Ossuary  | Reached skill level 7 in Unarmed Combat
  6159 | D:7      | Noticed Prince Ribbit
  6171 | D:7      | Killed Prince Ribbit
  6274 | D:7      | Found a staircase to the Ecumenical Temple.
  6281 | Temple   | Entered the Ecumenical Temple
  6378 | Temple   | Became a worshipper of Uskayaw the Reveler
  6423 | D:7      | Reached * piety under Uskayaw
  6493 | D:7      | Reached ** piety under Uskayaw
  6571 | D:7      | Reached XP level 10. HP: 55/55 MP: 11/11
  6571 | D:7      | Reached *** piety under Uskayaw
  6575 | D:7      | Reached **** piety under Uskayaw
  6593 | D:7      | Reached skill level 1 in Invocations
  6625 | D:7      | Found an ancient bone altar of Kikubaaqudgha.
  6641 | D:7      | Reached ***** piety under Uskayaw
  6955 | D:8      | Found a shadowy altar of Dithmenos.
  6955 | D:8      | Found a basalt altar of Yredelemnul.
  6997 | D:8      | Reached skill level 8 in Unarmed Combat
  7119 | D:8      | Noticed Maurice
  7135 | D:8      | Killed Maurice
  7465 | D:9      | Found a staircase to the Orcish Mines.
  7892 | D:9      | Noticed a two-headed ogre
  7904 | D:9      | Reached XP level 11. HP: 60/60 MP: 15/15
  7920 | D:9      | Reached skill level 9 in Unarmed Combat
  7923 | D:9      | Killed a two-headed ogre
  8340 | D:9      | Found a hazy altar of Hepliaklqana.
  8413 | D:10     | Entered Level 10 of the Dungeon
  8460 | D:10     | Noticed Fannar
  8479 | D:10     | Killed Fannar
  8539 | D:10     | Reached skill level 5 in Invocations
  8687 | D:10     | Reached skill level 1 in Evocations
  9018 | D:11     | Noticed a red ugly thing
  9027 | D:11     | Killed a red ugly thing
  9094 | D:11     | Found a staircase to the Lair.
  9111 | D:11     | Noticed a cyclops
  9135 | D:11     | Reached ****** piety under Uskayaw
  9150 | D:11     | Killed a cyclops
  9388 | D:11     | Noticed Snorg
  9397 | D:11     | Killed Snorg
  9397 | D:11     | Reached skill level 10 in Unarmed Combat
  9490 | D:11     | Gained mutation: You heal very quickly. [Vine Stalker
                  | growth]
  9490 | D:11     | Reached XP level 12. HP: 61/67 MP: 16/16
  9637 | D:11     | Found an ornate altar of the Wu Jian Council.
  9775 | Lair:1   | Entered Level 1 of the Lair of Beasts
  9790 | Lair:1   | Noticed an eight-headed hydra
  9806 | Lair:1   | Killed an eight-headed hydra
  9982 | Lair:1   | Found a dark tunnel.
  9991 | Volcano  | Entered a volcano
 10100 | Volcano  | Noticed a hell knight
 10109 | Volcano  | Killed a hell knight
 10260 | Volcano  | Got a pair of ichor-stained gloves
 10266 | Volcano  | Identified the +2 pair of gloves of the Mind {Str+2} (You
                  | found it in a volcano)
 10702 | Lair:2   | Reached skill level 10 in Fighting
 10702 | Lair:2   | Reached skill level 10 in Shields
 10713 | Lair:2   | Noticed a four-headed hydra
 10716 | Lair:2   | Found a staircase to the Shoals.
 10737 | Lair:2   | Reached skill level 5 in Evocations
 10745 | Lair:2   | Killed a four-headed hydra
 10746 | Lair:2   | Reached skill level 11 in Unarmed Combat
 11113 | Lair:2   | Reached XP level 13. HP: 72/72 MP: 17/17
 12378 | Lair:3   | Found a staircase to the Snake Pit.
 12401 | Lair:3   | Reached skill level 12 in Unarmed Combat
 13633 | Lair:5   | Reached XP level 14. HP: 79/79 MP: 20/20
 14409 | Lair:6   | Entered Level 6 of the Lair of Beasts
 14499 | Lair:6   | Found a runed gate.
 14513 | Lair:6   | Found a runed gate.
 14514 | Lair:6   | Found a runed gate.
 14736 | Lair:6   | Reached skill level 13 in Unarmed Combat
 14830 | Lair:6   | Paralysed by a hornet for 1 turns
 14872 | Lair:6   | Noticed SpeedVeins's ghost (journeyman DDFi)
 15086 | Lair:6   | Found a staircase to the Slime Pits.
 16013 | Lair:6   | Reached XP level 15. HP: 77/85 MP: 22/22
 16257 | Lair:6   | Found a viscous altar of Jiyva.
 16304 | Lair:6   | Killed SpeedVeins's ghost
 16547 | D:12     | Found a gate leading to a gauntlet.
 16564 | Gauntlet | Entered a Gauntlet
 16564 | Gauntlet | Found a transporter.
 16564 | Gauntlet | Found a transporter.
 16568 | Gauntlet | Found a transporter.
 16575 | Gauntlet | Found a transporter.
 16620 | Gauntlet | Found a transporter.
 16635 | Gauntlet | Found a transporter.
 16651 | Gauntlet | Found a transporter.
 16667 | Gauntlet | Found a transporter.
 16746 | Gauntlet | Found a transporter.
 16755 | Gauntlet | Found a transporter.
 16771 | Gauntlet | Found a transporter.
 16785 | Gauntlet | Found a transporter.
 16798 | Gauntlet | Found a transporter.
 16865 | Gauntlet | Found a transporter.
 16877 | Gauntlet | Found a transporter.
 16903 | Gauntlet | Found a transporter.
 17078 | Gauntlet | Got a pitted silver ring
 17080 | Gauntlet | Identified the ring of Awniad {rElec rPois rC+ Int-2
                  | Stlth+} (You found it in a Gauntlet)
 17097 | Gauntlet | Identified the +4 shortbow of the Present {flame, *Slow
                  | +Inv MR+ SInv}
 17289 | D:12     | Found Ruynalui's Book Boutique.
 17943 | D:12     | Identified a scroll of acquirement
 17946 | D:12     | Got a faintly humming cloak
 17957 | D:12     | Identified the +1 cloak of Terror {Str+4 Int+3 Dex+3} (You
                  | acquired it on level 12 of the Dungeon)
 18195 | D:13     | Found Pag Hut's Pet Rocks.
 18209 | D:13     | Reached skill level 14 in Unarmed Combat
 18406 | D:13     | Learned a level 2 spell: Song of Slaying
 18409 | D:13     | Learned a level 2 spell: Blink
 18413 | D:13     | Learned a level 3 spell: Regeneration
 18422 | D:13     | Learned a level 5 spell: Blade Hands
 18454 | D:13     | Reached skill level 1 in Charms
 18511 | D:13     | Found a gate to the Vaults.
 19084 | D:14     | Got an ancient plate armour
 19109 | D:13     | Identified the +5 plate armour of the Gardener {rPois Dex+4
                  | SInv} (You acquired it on level 14 of the Dungeon)
 19418 | D:15     | Entered Level 15 of the Dungeon
 19443 | D:15     | Found a staircase to the Depths.
 19850 | D:15     | Reached XP level 16. HP: 91/91 MP: 23/23
 20216 | D:15     | Found a blossoming altar of Fedhas.
 20531 | Orc:1    | Entered Level 1 of the Orcish Mines
 20531 | Orc:1    | Noticed Nergalle
 20531 | Orc:1    | Noticed Sonja
 20535 | Orc:1    | Noticed Erolcha
 20541 | D:9      | Killed Sonja
 20555 | D:9      | Killed Nergalle
 20567 | Orc:1    | Killed Erolcha
 20888 | Orc:1    | Found a bloodstained altar of Trog.
 21028 | Orc:2    | Entered Level 2 of the Orcish Mines
 21449 | Orc:2    | Reached skill level 5 in Charms
 21629 | Orc:2    | Found a roughly hewn altar of Beogh.
 21645 | Orc:2    | Found Igyta's Assorted Antiques.
 21645 | Orc:2    | Found Tigut's Jewellery Boutique.
 21663 | Orc:2    | Bought a steaming golden ring for 170 gold pieces
 21664 | Orc:2    | Identified the ring "Zizien" {*Tele +Fly rN++} (You bought
                  | it in a shop on level 2 of the Orcish Mines)
 21901 | Orc:2    | Found Buly's Jewellery Shoppe.
 21901 | Orc:2    | Found Xasu's Armour Boutique.
 21915 | Orc:2    | Bought the +12 chain mail of Mut Hoat {rC+ Str+4 Int-2
                  | Dex+4} for 1366 gold pieces
 22019 | Orc:2    | Found a staircase to the Elven Halls.
 22291 | Snake:1  | Entered Level 1 of the Snake Pit
 22472 | Snake:1  | Reached skill level 1 in Spellcasting
 22555 | Snake:1  | Reached skill level 15 in Unarmed Combat
 22581 | Snake:1  | Found a runed gate.
 22582 | Snake:1  | Found a runed gate.
 22583 | Snake:1  | Found a runed gate.
 22585 | Snake:1  | Noticed Vutif's ghost (adept FoFi)
 23010 | Snake:1  | Killed Vutif's ghost
 24274 | Snake:3  | Reached XP level 17. HP: 98/98 MP: 24/24
 24547 | Snake:3  | Noticed Vashnia
 24616 | Snake:3  | Killed Vashnia
 24616 | Snake:3  | Reached skill level 5 in Spellcasting
 24693 | Snake:3  | Found Opreubuh's Gadget Boutique.
 24693 | Snake:3  | Found Iloshane's Jewellery Emporium.
 24694 | Snake:3  | Found Vomy's Jewellery Emporium.
 24701 | Snake:3  | Bought a wand of digging (2) for 240 gold pieces
 24701 | Snake:3  | Bought a wand of digging (3) for 280 gold pieces
 24703 | Snake:3  | Bought a +6 amulet of reflection for 819 gold pieces
 25207 | Snake:4  | Entered Level 4 of the Snake Pit
 25766 | Snake:4  | Reached skill level 16 in Unarmed Combat
 25778 | Snake:4  | Reached skill level 15 in Fighting
 25879 | Snake:4  | Reached skill level 15 in Shields
 26164 | Snake:4  | Reached XP level 18. HP: 104/104 MP: 26/26
 26577 | Snake:4  | Got a serpentine rune of Zot
 26959 | Elf:1    | Entered Level 1 of the Elven Halls
 27214 | Elf:1    | Noticed Roxanne
 27237 | Elf:1    | Killed Roxanne
 27427 | Elf:1    | Reached skill level 17 in Unarmed Combat
 27559 | Elf:1    | Noticed Louise
 27570 | Elf:1    | Killed Louise
 27755 | Elf:1    | Identified the Volume of Creative Arcane Weapons
 27809 | Elf:2    | Found Miru's Food Emporium.
 27971 | Elf:2    | Found Joamaq's Jewellery Emporium.
 28223 | Elf:2    | Found Xuptuane's Distillery.
 28253 | Elf:2    | Bought a potion of haste for 150 gold pieces
 28253 | Elf:2    | Bought a potion of resistance for 150 gold pieces
 28327 | Elf:2    | Reached XP level 19. HP: 108/109 MP: 25/27
 28330 | Elf:2    | Found a runed gate.
 28330 | Elf:2    | Found a runed gate.
 28330 | Elf:2    | Found a runed gate.
 28419 | Elf:2    | Identified the +3 shield of Impressiveness {rPois Str+5}
 28419 | Elf:2    | Noticed Donald
 28760 | Vaults:1 | Entered Level 1 of the Vaults
 28928 | Vaults:1 | Reached skill level 10 in Charms
 30066 | Vaults:2 | Reached skill level 18 in Unarmed Combat
 30377 | Vaults:2 | Found a runed gate.
 30377 | Vaults:2 | Found a runed gate.
 30621 | Vaults:2 | Reached XP level 20. HP: 117/117 MP: 28/28
 30754 | Vaults:2 | Found a runed gate.
 30756 | Vaults:2 | Noticed Vigato's ghost (adept MiFi)
 30757 | Vaults:2 | Noticed Scypier's ghost (adept GnSk)
 30757 | Vaults:2 | Noticed Ciwnetz's ghost (adept GrEE)
 30984 | Vaults:2 | Found Asuyz's Antique Weapon Shoppe.
 31203 | Vaults:2 | Killed Scypier's ghost
 31203 | Vaults:2 | Reached skill level 19 in Unarmed Combat
 31214 | Vaults:2 | Killed from afar by Ciwnetz's ghost

Vault maps used:
D:1:      sevenhm_arrival_forest_fort_large_2, chequers_arboretum
D:2:      first_ration, hangedman_feature_mirror, nemelex_diamond_rough_becter
D:3:      uniq_sigmund, uniq_terence
D:4:      ashenzari_conservatory_becter, tso_metal_star
D:5:      serial_shops, nicolae_shop_competitors_out_of_business,
          kennysheep_little_box, nicolae_shop_behind_doors, shop,
          nicolae_shop_behind_doors,
          nicolae_gozag_cash_rules_everything_around_me
D:6:      ebering_ghost_xom, minmay_misc_feat_plants
D:7:      lemuel_mausoleum_altar_kikubaaqudgha, minmay_temple_entry_hall,
          nicolae_ossuary_entry_plus, the_bakery,
          chequers_serial_rivers_large_b, st_stairs_4, minmay_fountain_box,
          minmay_tree_intersection, makhleb_heckhound_becter,
          uniq_prince_ribbit1
D:8:      chequers_temple_overflow_statue_of_worship, uniq_maurice
D:9:      nicolae_overflow_hidden_temple, erik_orc_3, item_on_display_a
D:10:     uniq_fannar
D:11:     minmay_lair_entry_grove, basic_altar, uniq_snorg
D:12:     enter_bailey_3, serial_shops, kennysheep_mini, gauntlet_entry_generic,
          kennysheep_generic_room_13
D:13:     david_vaults_4, hex_tiny, guppyfry_shop_earth
D:15:     gammafunk_depths_entry_grave, nicolae_two_hexagons, fedhas_altar_4
Temple:   compressed_dpeg_circular_temple
Lair:1:   nicolae_volcano_entry_hallway, nicolae_quartered_pool_medium,
          serial_bayou_pond_a, grunt_megastairs_2
Lair:2:   cheibrodos_lair_river_kwai, elwin_shoals_entry_stream,
          minmay_shattered_shrine, lemuel_fruit_tree
Lair:3:   minmay_snake_entry_guardpost_small, bobbens_dragon_lair_wall,
          grunt_megastairs_3
Lair:6:   guppyfry_lair_end_dragon, hangedman_lair_tendril_chambers,
          slime_dummy, gammafunk_ghost_ooze, st_stairs_3,
          infiniplex_staircase_pool_2, serial_bayou_shore_b
Snake:1:  ebering_ghost_rock_garden
Snake:3:  minmay_shop_grove, uniq_vashnia
Snake:4:  johnstein_snake_rune_scales
Orc:1:    trog_hazing_becter, uniq_erolcha, uniq_nergalle, uniq_sonja
Orc:2:    st_orc_town
Elf:1:    minmay_elf_sorcery, uniq_roxanne, uniq_louise
Elf:2:    serial_shops, shop_fountains, shop_fountains, shop,
          grunt_ministairs_1, uniq_donald
Vaults:1: ontoclasm_vaults_twist, vaults_mumra_lcd, ontoclasm_vaults_ring_small,
          v_misc_24, v_misc_16, v_misc_29, nicolae_vaults_little_ls,
          vaults_dpeg_cross
Vaults:2: gammafunk_vaults_ghost_cemetery, v_misc_1, nicolae_vaults_triangles,
          nicolae_vaults_windows_and_doors_thing, vaults_dpeg_encased_lava,
          grunt_vaults_hallway_short, v_misc_26, hangedman_vaults_stitches,
          v_pattern_5, serial_shops, nicolae_shop_trees
Ossuary:  ossuary_tomb_1
Volcano:  volcano_pools
Gauntlet: gammafunk_gauntlet_branching

Skill      XL: |  1  2  3  4  5  6  7  8  9 10 11 12 13 14 15 16 17 18 19 20 |
---------------+-------------------------------------------------------------+-----
Fighting       | 3 4 5 7 8 9 10 11 12 13 14 15 16 17 | 17.7
Shields        | 3 4 5 7 8 9 10 11 12 13 14 15 | 15.0
Armour         | 3 4 5 |  5.0
Unarmed Combat | 3 4 6 7 8 10 11 12 13 14 15 16 17 18 19 | 19.0
Invocations    | 4 5 7 9 |  9.0
Evocations     | 3 5 |  5.0
Charms         | 3 5 7 9 10 | 10.0
Spellcasting   | 4 5 |  5.0

Action                   |  1- 3 |  4- 6 |  7- 9 | 10-12 | 13-15 | 16-18 | 19-21 || total
-------------------------+-------+-------+-------+-------+-------+-------+-------++-------
Melee: Unarmed           |   142 |   156 |   526 |   693 |  1277 |  1226 |   482 ||  4502
       Bite              |    36 |    60 |   177 |   246 |   579 |   627 |   264 ||  1989
Throw: Tomahawk          |     2 |     4 |     9 |       |       |       |       ||    15
 Cast: Song of Slaying   |       |       |       |       |       |     3 |     1 ||     4
Invok: Stomp             |       |       |     1 |     3 |       |     6 |    11 ||    21
       Line Pass         |       |       |       |     9 |     1 |       |     1 ||    11
       Grand Finale      |       |       |       |     2 |     1 |       |       ||     3
Evoke: Wand              |       |       |       |    14 |     8 |     4 |       ||    26
  Use: Scroll            |       |     4 |    11 |    12 |    12 |     5 |     4 ||    48
       Potion            |       |     1 |       |     2 |       |       |     1 ||     4
 Stab: Paralysed         |       |       |       |    37 |    85 |   105 |    43 ||   270
       Confused          |       |       |       |     1 |     1 |       |     1 ||     3
       Distracted        |       |       |       |       |       |       |     1 ||     1
  Eat: Chunk             |     4 |    23 |     8 |    18 |    29 |    19 |     8 ||   109
       Ration            |       |       |       |     1 |     1 |     3 |     1 ||     6
Armor: Scale mail        |    45 |    40 |   118 |   118 |       |       |       ||   321
       Chain mail        |       |       |       |    71 |   361 |   272 |   139 ||   843
       Plate armour      |       |       |       |       |    22 |   116 |       ||   138
Dodge: Dodged            |    31 |    32 |   121 |   178 |   314 |   324 |    95 ||  1095
Block: Shield            |    62 |    55 |   285 |   464 |   944 |  1162 |   330 ||  3302
       Reflection        |       |       |       |    12 |    27 |   227 |    28 ||   294

Table legend:
 A = Non-vault XP
 B = Vault XP
 C = Vault XP percentage of total XP
 D = Non-vault monster count
 E = Vault monster count
 F = Vault count percentage of total count
                 A         B        C        D         E       F
            +---------+---------+-------+---------+---------+-------
      Total |  261255 |  158266 |  37.7 |     820 |     421 |  33.9
            +---------+---------+-------+---------+---------+-------
        D:1 |      36 |       0 |   0.0 |      21 |       0 |   0.0
        D:2 |      29 |      15 |  34.1 |       9 |       2 |  18.2
        D:3 |     218 |     269 |  55.2 |      31 |       2 |   6.1
        D:4 |     267 |       0 |   0.0 |      12 |       0 |   0.0
        D:5 |     858 |       0 |   0.0 |      23 |       0 |   0.0
        D:6 |     520 |       0 |   0.0 |      15 |       0 |   0.0
        D:7 |    1432 |    1528 |  51.6 |      32 |      17 |  34.7
        D:8 |     874 |     445 |  33.7 |      26 |       1 |   3.7
        D:9 |    3664 |    2028 |  35.6 |      46 |      15 |  24.6
       D:10 |    1235 |     955 |  43.6 |      14 |       1 |   6.7
       D:11 |    2313 |    3000 |  56.5 |      14 |      14 |  50.0
       D:12 |    7126 |      75 |   1.0 |      30 |       5 |  14.3
       D:13 |    8617 |    4438 |  34.0 |      28 |       9 |  24.3
       D:14 |    6528 |       0 |   0.0 |      23 |       0 |   0.0
       D:15 |   11707 |    4572 |  28.1 |      31 |       8 |  20.5
     Lair:1 |    3008 |     105 |   3.4 |      16 |       1 |   5.9
     Lair:2 |    2738 |    8002 |  74.5 |      14 |      21 |  60.0
     Lair:3 |    4587 |    6671 |  59.3 |      24 |      26 |  52.0
     Lair:4 |    1883 |       0 |   0.0 |      13 |       0 |   0.0
     Lair:5 |   11624 |       0 |   0.0 |      42 |       0 |   0.0
     Lair:6 |   14617 |   17194 |  54.1 |      41 |      59 |  59.0
    Snake:1 |    7811 |    2701 |  25.7 |      14 |       1 |   6.7
    Snake:2 |   12436 |       0 |   0.0 |      22 |       0 |   0.0
    Snake:3 |   27732 |    9270 |  25.1 |      50 |       7 |  12.3
    Snake:4 |   23762 |   32999 |  58.1 |      37 |      55 |  59.8
      Orc:1 |    2617 |    7724 |  74.7 |      25 |      44 |  63.8
      Orc:2 |     490 |    2155 |  81.5 |       5 |      20 |  80.0
      Elf:1 |   14889 |   12806 |  46.2 |      24 |      16 |  40.0
      Elf:2 |   17444 |    4325 |  19.9 |      28 |       6 |  17.6
   Vaults:1 |   28735 |    4473 |  13.5 |      46 |       6 |  11.5
   Vaults:2 |   41458 |   26745 |  39.2 |      64 |      32 |  33.3
    Ossuary |       0 |     322 | 100.0 |       0 |      39 | 100.0
    Volcano |       0 |    2016 | 100.0 |       0 |       5 | 100.0
   Gauntlet |       0 |    3433 | 100.0 |       0 |       9 | 100.0
            +---------+---------+-------+---------+---------+-------
